 Dungeon Crawl Stone Soup version 0.21.1-1-g345015f (webtiles) character file.

819 Kagorn the Skirmisher (level 7, 0/66 HPs)
             Began as a Naga Gladiator on June 22, 2018.
             Was an Initiate of Makhleb.
             Slain by a hound (6 damage)
             ... on level 6 of the Dungeon.
             The game lasted 00:27:12 (4888 turns).

Kagorn the Skirmisher (Naga Gladiator)              Turns: 4888, Time: 00:27:13

Health: 0/66       AC:  9    Str: 18    XL:     7   Next: 95%
Magic:  9/9        EV: 11    Int: 16    God:    Makhleb [......]
Gold:   295        SH:  0    Dex: 12    Spells: 6/6 levels left

rFire    + . .     SeeInvis +   m - +3 short sword (drain)
rCold    . . .     Gourm    .   (no shield)
rNeg     . . .     Faith    .   x - +2 robe "Weby" {rPois Int+4}
rPois    +         Spirit   .   c - +0 helmet
rElec    .         Reflect  .   (no cloak)
rCorr    .         Harm     +   s - +0 pair of gloves
MR       .....                  (no barding)
Stlth    ++........             k - amulet of harm
HPRegen  0.21/turn              B - ring "Digenkuc" {rPois rF+ Int+3 Stlth-}
MPRegen  0.11/turn              (no ring)

@: very slow
A: large, yellow scales 1, see invisible, deformed body, poison resistance,
slowness 2, slow metabolism 1, spit poison 2, subdued magic 1, sturdy frame 1,
AC +2
a: Breathe Poison Gas, Renounce Religion


You were on level 6 of the Dungeon.
You worshipped Makhleb.
Makhleb was noncommittal.
You were not hungry.

You visited 2 branches of the dungeon, and saw 7 of its levels.

You collected 295 gold pieces.

Inventory:

Hand Weapons
 g - a +1 dagger of speed
 m - a +3 short sword of draining (weapon)
 w - a +2 hunting sling of velocity
 C - a cursed -1 war axe
Missiles
 a - 56 stones (quivered)
Armour
 c - a +0 helmet (worn)
 s - a +0 pair of gloves (worn)
 u - a +0 pair of gloves
 x - the +2 robe "Weby" (worn) {rPois Int+4}
   (You found it on level 4 of the Dungeon)

   It affects your intelligence (+4).
   It protects you from poison.
Jewellery
 k - an amulet of harm (around neck)
 B - the ring "Digenkuc" (left hand) {rPois rF+ Int+3 Stlth-}
   (You found it on level 4 of the Dungeon)

   [ring of protection from fire]

   It affects your intelligence (+3).
   It protects you from fire.
   It protects you from poison.
   It makes you less stealthy.
Wands
 f - a wand of clouds (5)
 A - a wand of acid (9)
Scrolls
 b - a scroll of enchant armour {unknown}
 d - 3 scrolls of remove curse
 h - a scroll of enchant weapon
 i - 4 scrolls of fog
 l - 2 scrolls of identify
 o - 3 scrolls of teleportation
 v - a scroll of blinking {unknown}
 y - a scroll of amnesia {unknown}
Potions
 e - 2 potions of curing
 j - a potion of heal wounds {unknown}
 n - a potion of invisibility {unknown}
 p - a potion of magic
 r - a potion of lignification {unknown}
 t - a potion of resistance {unknown}
 z - a potion of mutation
 D - a potion of might {unknown}
Comestibles
 q - 4 rations


   Skills:
 * Level 4.6 Fighting
 * Level 2.9(3.9) Short Blades
   Level 4.0(4.5) Long Blades
 - Level 1.7 Throwing
 + Level 2.1 Armour
 + Level 3.4 Dodging
 + Level 4.4 Stealth
 - Level 3.2 Invocations


You had 6 spell levels left.
You didn't know any spells.

Dungeon Overview and Level Annotations

Branches:
Dungeon (6/15)             Temple (1/1) D:5

Altars:
Ashenzari
Cheibriados
Dithmenos
Elyvilon
Fedhas
Gozag
Kikubaaqudgha
Makhleb
Nemelex Xobeh
Qazlal
Sif Muna
Trog
Uskayaw
Vehumet
Wu Jian
Yredelemnul
Zin


Innate Abilities, Weirdness & Mutations

You cannot wear boots.
Your serpentine skin is tough. (AC +2)
You have supernaturally acute eyesight. (SInv)
Armour fits poorly on your strangely shaped body.
Your system is resistant to poisons. (rPois)
You cover ground very slowly.
You have a slow metabolism.
You can exhale a cloud of poison.
You are partially covered in yellow scales. (AC +2)
Your spells are a little easier to cast, but a little less powerful.
Your movements are slightly less encumbered by armour. (ER -2)


Message History

You closely miss the hound.
The hound is moderately wounded.
The hound bites you but does no damage.
You closely miss the hound.
The hound is moderately wounded.
The hound closely misses you. x2
You hit the hound.
The hound is severely wounded.
The hound bites you.
* * * LOW HITPOINT WARNING * * *
You closely miss the hound.
The hound is severely wounded.
The hound bites you.
* * * LOW HITPOINT WARNING * * *
You hit the hound.
The hound is almost dead.
The hound bites you.
* * * LOW HITPOINT WARNING * * *
The hound bites you.
You die...

.#### #..# # ##.## ##.
###### #..####....
##...# ##......<#
#⌠.⌠.####....####
.._.....>..###
.⌠.⌠####################
#............†..........
################@.......
####### #..h.#######
.^..... .....####
####### #### #


You could see a hound.

Vanquished Creatures
  Grinder (D:6)
  The ghost of sking99 the Ruffian, an amateur VSTm (D:3)
  A phantom (D:6)
  A centaur (D:4)
  A bullfrog (D:6)
  Blork the orc (D:4)
  A howler monkey (D:4)
  A statue (D:4)
  2 worker ants
  A hound zombie (D:6)
  A gnoll (D:1)
  2 adders
  An adder skeleton (D:4)
  A worm (D:2)
  2 dart slugs (D:2)
  3 leopard geckos
  2 orcs
  A ball python (D:3)
  9 bats
  A giant cockroach (D:3)
  3 goblins
  2 hobgoblins
  12 jackals
  8 kobolds
  2 quokkas
  A frilled lizard (D:4)
  A leopard gecko skeleton (D:4)
  A quokka skeleton (D:5)
  5 rats
  2 butterflies (D:5)
  A fungus (D:4)
  A plant (D:4)
73 creatures vanquished.

Notes
Turn   | Place    | Note
-------+----------+-------------------------------------------
     0 | D:1      | Kagorn the Naga Gladiator began the quest for the Orb.
     0 | D:1      | Reached XP level 1. HP: 19/19 MP: 1/1
   119 | D:1      | Reached XP level 2. HP: 24/26 MP: 2/2
   238 | D:1      | Reached skill level 1 in Stealth
   609 | D:1      | Reached XP level 3. HP: 30/33 MP: 3/3
  1368 | D:2      | Found a hide-covered altar of Uskayaw.
  1411 | D:2      | Reached XP level 4. HP: 18/40 MP: 4/4
  1603 | D:2      | Became a worshipper of Uskayaw the Reveler
  1908 | D:3      | Reached * piety under Uskayaw
  1944 | D:3      | Noticed sking99's ghost (amateur VSTm)
  1953 | D:3      | Reached ** piety under Uskayaw
  1957 | D:3      | Killed sking99's ghost
  1957 | D:3      | Reached skill level 1 in Armour
  1957 | D:3      | Reached XP level 5. HP: 24/49 MP: 5/5
  1957 | D:3      | Reached *** piety under Uskayaw
  2340 | D:3      | You fall through a shaft!
  2340 | D:4      | Found a snail-covered altar of Cheibriados.
  2367 | D:4      | Noticed a centaur
  2377 | D:4      | Killed a centaur
  2377 | D:4      | Reached skill level 1 in Short Blades
  2377 | D:4      | Reached skill level 1 in Invocations
  2377 | D:4      | Reached XP level 6. HP: 39/56 MP: 6/6
  2391 | D:4      | Found a blossoming altar of Fedhas.
  2479 | D:4      | Noticed Blork the orc
  2487 | D:4      | Killed Blork the orc
  2489 | D:4      | Got an ominously black robe
  2713 | D:4      | Found a radiant altar of Vehumet.
  2863 | D:4      | Got a twitching jade ring
  3133 | D:4      | Found a deep blue altar of Sif Muna.
  3467 | D:4      | Identified the +2 robe "Weby" {rPois Int+4} (You found it on level 4 of the Dungeon)
  3509 | D:4      | Identified the ring "Digenkuc" {rPois rF+ Int+3 Stlth-} (You found it on level 4 of the Dungeon)
  3647 | D:5      | Entered Level 5 of the Dungeon
  3803 | D:5      | Found a staircase to the Ecumenical Temple.
  3827 | Temple   | Entered the Ecumenical Temple
  3923 | Temple   | Fell from the grace of Uskayaw
  3923 | Temple   | Became a worshipper of Makhleb the Destroyer
  3988 | D:5      | Found a white marble altar of Elyvilon.
  4266 | D:5      | Found a shadowy altar of Dithmenos.
  4275 | D:5      | Reached XP level 7. HP: 63/63 MP: 8/8
  4575 | D:6      | Found a sparkling altar of Nemelex Xobeh.
  4737 | D:6      | Noticed Grinder
  4759 | D:6      | Killed Grinder
  4827 | D:6      | Paralysed by the fury of Uskayaw for 5 turns
  4855 | D:6      | Gained mutation: Your movements are slightly less encumbered by armour. (ER -2) [potion of mutation]
  4855 | D:6      | Gained mutation: You can exhale a cloud of poison. [potion of mutation]
  4855 | D:6      | Gained mutation: Your spells are a little easier to cast, but a little less powerful. [potion of mutation]
  4855 | D:6      | Gained mutation: You are partially covered in yellow scales. (AC +2) [potion of mutation]
  4879 | D:6      | Paralysed by the fury of Uskayaw for 3 turns
  4888 | D:6      | Slain by a hound

Skill      XL: |  1  2  3  4  5  6  7 |
---------------+----------------------+-----
Stealth        | 1 2 3 4 |  4.4
Fighting       | 3 4 |  4.6
Long Blades    | 4 |  4.0
Armour         | 1 2 |  2.1
Short Blades   | 1 2 |  2.9
Dodging        | 3 |  3.4
Invocations    | 1 2 3 |  3.2
Throwing       | |  1.7

Action                   |  1- 3 |  4- 6 |  7- 9 || total
-------------------------+-------+-------+-------++-------
Melee: Long sword        |    64 |       |       ||    64
       Short sword       |    34 |   193 |    68 ||   295
  Use: Scroll            |       |     8 |       ||     8
       Potion            |       |       |     4 ||     4
 Stab: Sleeping          |       |     1 |     1 ||     2
       Paralysed         |       |     1 |       ||     1
  Eat: Ration            |     1 |     2 |       ||     3
       Chunk             |       |     1 |       ||     1
Armor: Leather armour    |    28 |    38 |       ||    66
       Robe              |       |     5 |    17 ||    22
Dodge: Dodged            |    77 |    59 |    26 ||   162
       Rpst.: Long sword |    14 |       |       ||    14
